 Dungeon Crawl Stone Soup version 0.29.1-1-gd02db6906a (webtiles) character file.

Game seed: 10995457254991922917

1359 firemarshallily the Protected (level 8, -6/53 (64) HPs)
             Began as a Gnoll Wanderer on Oct 13, 2022.
             Was an Initiate of Ashenzari.
             Mangled by a wight
             ... wielding a +0 long sword
              (10 damage)
             ... on level 7 of the Dungeon.
             The game lasted 00:19:50 (6430 turns).

firemarshallily the Protected (Gnoll Wanderer)      Turns: 6430, Time: 00:19:51

HP:   -6/53 (64)    AC: 26    Str: 14    XL:     8   Next: 64%
MP:   0/13          EV:  8    Int: 10    God:    Ashenzari [......]
Gold: 184           SH:  0    Dex: 13    Spells: 14/14 levels left

rFire   . . .      SeeInvis .   l - +1 flail (protect)
rCold   . . .      Faith    .   (no shield)
rNeg    . . .      Spirit   +   b - +0 chain mail
rPois   +          Reflect  .   j - +1 helmet
rElec   .          Harm     .   (no cloak)
rCorr   .          Rampage  .   h - +0 pair of gloves
Will    .....                   d - +2 pair of boots
Stlth   ..........              k - amulet of guardian spirit
HPRegen 0.17/turn               m - ring of poison resistance
MPRegen 0.13/turn               (no ring)

@: brilliant, under a protective aura, heavily drained, invisible
A: fangs 1, strong nose, distributed training
a: Renounce Religion, Curse Item


You were on level 7 of the Dungeon.
You worshipped Ashenzari.
Ashenzari was noncommittal.
You visited 1 branch of the dungeon, and saw 7 of its levels.

You collected 436 gold pieces.
You spent 252 gold pieces at shops.

Inventory:

Hand Weapons
 a - a +2 mace of chaos
 l - a +1 flail of protection (weapon)
Missiles
 c - 2 throwing nets
 i - 7 stones
 n - 22 poisoned darts (quivered)
Armour
 b - a +0 chain mail (worn)
 d - a +2 pair of boots (worn)
 h - a +0 pair of gloves (worn)
 j - a +1 helmet (worn)
 v - the +1 ring mail of a bailey {*Corrode rC+++ rN+}
   (You bought it in a shop on level 4 of the Dungeon)

   rC:        It renders you almost immune to cold.
   rN:        It protects you from negative energy.
   *Corrode:  It may corrode you when you take damage.
Jewellery
 k - an amulet of guardian spirit (around neck)
 m - a ring of poison resistance (left hand)
Wands
 e - a wand of flame (16)
Scrolls
 p - 2 scrolls of fear
 s - 2 scrolls of poison
 u - a scroll of fog {unknown}


   Skills:
 + Level 5.9 Fighting
 + Level 3.6 Short Blades
 + Level 3.6 Long Blades
 + Level 3.6 Axes
 + Level 7.5 Maces & Flails
 + Level 3.6 Polearms
 + Level 3.6 Staves
 + Level 3.6 Ranged Weapons
 + Level 3.6 Throwing
 + Level 11.0 Armour
 + Level 3.6 Dodging
 + Level 3.6 Stealth
 + Level 3.6 Shields
 + Level 3.6 Unarmed Combat
 + Level 3.6 Spellcasting
 + Level 2.9 Conjurations
 + Level 2.9 Hexes
 + Level 2.9 Summonings
 + Level 2.9 Necromancy
 + Level 2.9 Translocations
 + Level 2.9 Transmutations
 + Level 2.9 Fire Magic
 + Level 2.9 Ice Magic
 + Level 2.9 Air Magic
 + Level 2.9 Earth Magic
 + Level 2.9 Poison Magic
 + Level 4.0 Invocations
 + Level 3.6 Evocations


You had 14 spell levels left.
You didn't know any spells.
Your spell library contained the following spells:

 Spells                   Type           Power      Damage    Failure   Level
 Call Canine Familiar     Summ           11%        N/A       97%         3
 Portal Projectile        Hex/Tloc       22%        N/A       97%         3
 Tukima's Dance           Hex            11%        N/A       97%         3
 Leda's Liquefaction      Hex/Erth       5%         N/A       100%        4
 Passage of Golubria      Tloc           11%        N/A       100%        4
 Lee's Rapid Deconstruct  Erth           5%         3d7*      100%        5
 Yara's Violent Unravell  Hex/Tmut       5%         3d4       100%        5
 Statue Form              Tmut/Erth      7%         N/A       100%        6


Dungeon Overview and Level Annotations

Branches:
Dungeon (7/15)             Temple (0/1) D:4

Altars:
Ashenzari
Elyvilon
Gozag
Okawaru
Qazlal
Zin
The Shining One

Shops:
D:4 [

Annotations:
D:2 Sigmund
D:7 Menkaure


Innate Abilities, Weirdness & Mutations

You have very sharp teeth.
Your uncanny sense of smell can sniff out nearby items.
Your experience applies equally to all skills.


Message History

The wight hits you but does no damage. The wight closely misses you.
You hit the wight. You bite the wight, but do no damage.
The wight is lightly damaged.
The wight hits you but does no damage. The wight barely misses you.
The wight hits you but does no damage.
You hit the wight.
The wight is heavily damaged.
The wight completely misses you. The wight closely misses you.
The wight hits you but does no damage.
You hit the wight. Your bite misses the wight.
The wight is almost destroyed.
The wight barely misses you. The wight hits you but does no damage.
The wight hits you with a +0 battleaxe!
* * * LOW HITPOINT WARNING * * *
You hit the wight but do no damage.
The wight is almost destroyed.
The wight closely misses you. The wight hits you but does no damage.
The wight hits you with a +0 battleaxe.
* * * LOW HITPOINT WARNING * * *
You feel drained.
* * * LOW HITPOINT WARNING * * *
It was a potion of brilliance.
You feel clever all of a sudden.
The wight hits you but does no damage. x2; The wight barely misses you.
It was a potion of invisibility.
You fade into invisibility!
The wight barely misses you.
The wight hits you but does no damage. x2
You strike the helpless wight from behind!
You hit the wight but do no damage.
The wight is severely damaged.
The wight hits you but does no damage.
The wight hits you with a +0 long sword!
* * * LOW HITPOINT WARNING * * *
The wight closely misses you. The wight barely misses you.
The wight hits you but does no damage. The wight closely misses you.
You climb downwards.
There is a stone staircase leading up here.
The wight hits you with a +0 long sword!
You die...

#####
#@z.#
#z#.#
... ..
...#M
#..
#.#....
..
..###
.. .
.## ##.
#. .#


You could see Menkaure and 2 wights.

Vanquished Creatures
  A black bear (D:6)
  A centaur (D:6)
  3 ogres
  A phantom (D:6)
  A scorpion (D:5)
  2 necrophages
  A wight (D:6)
  An orc priest (D:5)
  2 hounds
  A gnoll bouda (D:5)
  3 iguanas
  3 orc wizards
  15 gnolls
  12 adders
  A worm (shapeshifter) (D:5)
  3 dart slugs
  11 orcs
  4 endoplasms
  6 giant cockroaches
  8 goblins
  13 hobgoblins
  3 jackals (D:4)
  6 quokkas
  3 ball pythons
  5 bats
  A frilled lizard (D:2)
  10 kobolds
  7 rats
128 creatures vanquished.

Vanquished Creatures (others)
  25 fungi (D:5)
25 creatures vanquished.

Grand Total: 153 creatures vanquished

Notes
Turn   | Place    | Note
-------+----------+-------------------------------------------
     0 | D:1      | Reached skill level 10 in Armour
     0 | D:1      | firemarshallily the Gnoll Wanderer began the quest for the
                  | Orb.
     0 | D:1      | firemarshallily set off with the following items: a +1
                  | mace, a +0 chain mail, a potion of lignification.
     0 | D:1      | Reached XP level 1. HP: 20/20 MP: 1/1
   350 | D:1      | Reached XP level 2. HP: 26/26 MP: 2/2
   634 | D:1      | Found a faded altar of an unknown god.
   639 | D:1      | Prayed at the altar of an unknown god.
   639 | D:1      | Became a worshipper of Ashenzari the Shackled
   841 | D:1      | Reached XP level 3. HP: 31/31 MP: 3/3
   929 | D:2      | Noticed Sigmund
  1167 | D:2      | Reached skill level 1 in Invocations
  1173 | D:2      | Reached skill level 1 in Short Blades
  1173 | D:2      | Reached skill level 1 in Long Blades
  1173 | D:2      | Reached skill level 1 in Axes
  1173 | D:2      | Reached skill level 1 in Polearms
  1173 | D:2      | Reached skill level 1 in Staves
  1173 | D:2      | Reached skill level 1 in Ranged Weapons
  1173 | D:2      | Reached skill level 1 in Throwing
  1173 | D:2      | Reached skill level 1 in Dodging
  1173 | D:2      | Reached skill level 1 in Stealth
  1173 | D:2      | Reached skill level 1 in Shields
  1173 | D:2      | Reached skill level 1 in Unarmed Combat
  1173 | D:2      | Reached skill level 1 in Spellcasting
  1173 | D:2      | Reached skill level 1 in Evocations
  1294 | D:2      | Reached XP level 4. HP: 28/38 MP: 5/5
  1481 | D:2      | Reached skill level 1 in Conjurations
  1481 | D:2      | Reached skill level 1 in Hexes
  1481 | D:2      | Reached skill level 1 in Summonings
  1481 | D:2      | Reached skill level 1 in Necromancy
  1481 | D:2      | Reached skill level 1 in Translocations
  1481 | D:2      | Reached skill level 1 in Transmutations
  1481 | D:2      | Reached skill level 1 in Fire Magic
  1481 | D:2      | Reached skill level 1 in Ice Magic
  1481 | D:2      | Reached skill level 1 in Air Magic
  1481 | D:2      | Reached skill level 1 in Earth Magic
  1481 | D:2      | Reached skill level 1 in Poison Magic
  1633 | D:3      | Found a broken altar of Ashenzari.
  1633 | D:3      | Found an opulent altar of Gozag.
  1637 | D:3      | Found an iron altar of Okawaru.
  1850 | D:3      | Found a glowing silver altar of Zin.
  2076 | D:3      | Reached XP level 5. HP: 43/43 MP: 7/7
  2608 | D:4      | Found a glowing golden altar of the Shining One.
  2614 | D:4      | Found a stormy altar of Qazlal.
  3144 | D:4      | Reached skill level 5 in Fighting
  3144 | D:4      | Reached XP level 6. HP: 49/51 MP: 7/9
  3229 | D:4      | Identified the +2 leather armour "Fauppo" {rCorr}
  3469 | D:4      | Found a staircase to the Ecumenical Temple.
  3595 | D:4      | Found Muju's Antique Armour Emporium.
  3611 | D:4      | Bought a masterwork ring mail for 252 gold pieces
  3611 | D:4      | Identified the +1 ring mail of a bailey {*Corrode rC+++
                  | rN+} (You bought it in a shop on level 4 of the Dungeon)
  4049 | D:5      | Entered Level 5 of the Dungeon
  4084 | D:5      | Reached XP level 7. HP: 40/56 MP: 10/10
  4087 | D:5      | Noticed a glowing shapeshifter
  4087 | D:5      | a gnoll changed into a glowing shapeshifter
  4087 | D:5      | Noticed a jumping spider
  4087 | D:5      | a glowing shapeshifter changed into a jumping spider
  4094 | D:5      | Noticed a golden eye
  4094 | D:5      | a jumping spider changed into a golden eye
  4095 | D:5      | Noticed a polar bear
  4095 | D:5      | a golden eye changed into a polar bear
  4101 | D:5      | Noticed a human
  4101 | D:5      | a polar bear changed into a human
  4103 | D:5      | Gained mutation: You are somewhat resistant to further
                  | mutation. [potion of mutation]
  4103 | D:5      | Noticed a hornet
  4103 | D:5      | a human changed into a hornet
  4104 | D:5      | a hornet changed into a water moccasin
  4106 | D:5      | Noticed a steam dragon
  4106 | D:5      | a water moccasin changed into a steam dragon
  4107 | D:5      | Noticed a naga
  4107 | D:5      | a steam dragon changed into a naga
  4113 | D:5      | Noticed a rime drake
  4113 | D:5      | a naga changed into a rime drake
  4118 | D:5      | a rime drake changed into a black bear
  4119 | D:5      | Noticed a hornet
  4119 | D:5      | a black bear changed into a hornet
  4123 | D:5      | Paralysed by a hornet for 2 turns
  4126 | D:5      | Noticed a basilisk
  4126 | D:5      | a hornet changed into a basilisk
  4126 | D:5      | Noticed a blink frog
  4126 | D:5      | a basilisk changed into a blink frog
  4131 | D:5      | a blink frog changed into an ice beast
  4137 | D:5      | Noticed a rime drake
  4137 | D:5      | a tengu changed into a rime drake
  4139 | D:5      | a rime drake changed into an acid dragon
  4140 | D:5      | Noticed a human
  4140 | D:5      | an acid dragon changed into a human
  4145 | D:5      | a human changed into a scorpion
  4146 | D:5      | Lost mutation: You are somewhat resistant to further
                  | mutation. [potion of mutation]
  4146 | D:5      | Gained mutation: Your mind is acute. (Int +4, Str/Dex -1)
                  | [potion of mutation]
  4146 | D:5      | Lost mutation: Your mind is acute. (Int +4, Str/Dex -1)
                  | [potion of mutation]
  4151 | D:5      | HP: 2/56 [scorpion (glowing shapeshifter)[a gnoll bouda]
                  | (3)]
  5049 | D:5      | Found a white marble altar of Elyvilon.
  5583 | D:6      | Reached XP level 8. HP: 62/63 MP: 12/12
  5988 | D:6      | Reached skill level 11 in Armour
  6429 | D:7      | Noticed Menkaure
  6430 | D:7      | Mangled by a wight

Illustrated notes

Levels and vault maps discovered:
D:1:      lightli_molten_gateway, layout_basic, ebering_ecumenical_altar_hall
D:2:      layout_loops_cross, minmay_puff, uniq_sigmund
D:3:      layout_basic, mainiacjoe_overflow_24_doors,
          grunt_temple_overflow_open, minmay_misc_feat_more_columns
D:4:      layout_loops_corners, mainiacjoe_overflow_catwalk_spiral,
          minmay_temple_entry_statues_pillars, serial_shops,
          nicolae_diamond_shop, columned_hall_lemuel, minmay_pentangle
D:5:      layout_cave_pods, mainiacjoe_overflow_cross_hatched
D:6:      layout_layer_cave
D:7:      layout_basic, uniq_menkaure

Skill      XL: |  1  2  3  4  5  6  7  8 |
---------------+-------------------------+-----
Armour         | 11 | 11.0
Invocations    | 1 2 3 4 |  4.0
Short Blades   | 1 2 3 |  3.6
Long Blades    | 1 2 3 |  3.6
Axes           | 1 2 3 |  3.6
Polearms       | 1 2 3 |  3.6
Staves         | 1 2 3 |  3.6
Ranged Weapons | 1 2 3 |  3.6
Throwing       | 1 2 3 |  3.6
Dodging        | 1 2 3 |  3.6
Stealth        | 1 2 3 |  3.6
Shields        | 1 2 3 |  3.6
Unarmed Combat | 1 2 3 |  3.6
Spellcasting   | 1 2 3 |  3.6
Evocations     | 1 2 3 |  3.6
Conjurations   | 1 2 |  2.9
Hexes          | 1 2 |  2.9
Summonings     | 1 2 |  2.9
Necromancy     | 1 2 |  2.9
Translocations | 1 2 |  2.9
Transmutations | 1 2 |  2.9
Fire Magic     | 1 2 |  2.9
Ice Magic      | 1 2 |  2.9
Air Magic      | 1 2 |  2.9
Earth Magic    | 1 2 |  2.9
Poison Magic   | 1 2 |  2.9
Fighting       | 5 |  5.9
Maces & Flails | 7 |  7.5

Action                   |  1- 3 |  4- 6 |  7- 9 || total
-------------------------+-------+-------+-------++-------
Melee: Mace              |   108 |   211 |   215 ||   534
       Bite              |     8 |    20 |    27 ||    55
       Punch             |     1 |     4 |     6 ||    11
       Flail             |       |       |    32 ||    32
  Use: Scroll            |       |     6 |     6 ||    12
       Potion            |       |     2 |    14 ||    16
 Stab: Invisible         |       |       |     1 ||     1
Armor: Chain mail        |    76 |   157 |   227 ||   460
Dodge: Dodged            |    56 |    61 |   135 ||   252
